 Seeded DCSS version 0.29.1-13-g9f3cf754e1 (webtiles) character file.

Game seed: 18334199546629406935 (custom seed)

444 mathmaestro the Purveyor of Pain (level 6, -6/47 HPs)
             Began as a Demonspawn Necromancer on Jan 19, 2023.
             Was an Initiate of Kikubaaqudgha.
             Mangled by RapScallion's ghost (12 damage)
             ... on level 4 of the Dungeon on Jan 20, 2023.
             The game lasted 00:10:43 (4725 turns).

mathmaestro the Purveyor of Pain (DsNe)             Turns: 4725, Time: 00:10:44

Health: -6/47      AC:  5    Str: 15    XL:     6   Next: 72%
Magic:  9/11       EV: 13    Int: 18    God:    Kikubaaqudgha [......]
Gold:   232        SH:  0    Dex: 13    Spells: 3/11 levels left

rFire   . . .      SeeInvis .   s - +4 flail (protect)
rCold   . . .      Faith    .   (no shield)
rNeg    . . .      Spirit   .   a - +0 robe
rPois   .          Reflect  .   (helmet restricted)
rElec   .          Harm     .   e - +0 cloak
rCorr   .          Rampage  .   l - +0 pair of gloves
Will    .....                   (no boots)
Stlth   ++........              (no amulet)
HPRegen 0.15/turn               g - +6 ring of strength
MPRegen 0.24/turn               m - ring of flight

@: flying
A: antennae 1, rugged brown scales 1, magic regeneration
a: Renounce Religion


You were on level 4 of the Dungeon.
You worshipped Kikubaaqudgha.
Kikubaaqudgha was noncommittal.
You visited 1 branch of the dungeon, and saw 4 of its levels.
You also visited: Sewer.

You collected 232 gold pieces.

Inventory:

Hand Weapons
 s - a +4 flail of protection (weapon)
Missiles
 y - 4 javelins
Armour
 a - a +0 robe (worn)
 e - a +0 cloak (worn)
 l - a +0 pair of gloves (worn)
Jewellery
 g - a +6 ring of strength (left hand)
 m - a ring of flight (right hand)
Scrolls
 f - a scroll of fear
 h - 3 scrolls of teleportation
 n - 3 scrolls of magic mapping
 o - a scroll of enchant armour {unknown}
 q - a scroll of blinking {unknown}
 r - 3 scrolls of fog {unknown}
 x - a scroll of amnesia {unknown}
 z - a scroll of immolation
 A - a scroll of enchant weapon {unknown}
 B - a scroll of identify
Potions
 b - a potion of magic
 c - 2 potions of curing {unknown}
 d - 3 potions of might {unknown}
 i - 2 potions of attraction {unknown}
 j - 3 potions of degeneration {unknown}
 k - 2 potions of haste {unknown}
 p - a potion of flight {unknown}
 t - 2 potions of heal wounds {unknown}
 u - a potion of cancellation {unknown}
 v - a potion of mutation {unknown}
 w - a potion of invisibility {unknown}
 C - a potion of berserk rage {unknown}
 D - 2 potions of lignification {unknown}


   Skills:
 + Level 2.8 Fighting
 + Level 3.3 Dodging
 + Level 3.5 Stealth
 + Level 3.4 Spellcasting
 + Level 5.5 Necromancy


You had 3 spell levels left.
You knew the following spells:

 Your Spells              Type           Power      Damage    Failure   Level
a - Necrotise             Necr           92%        1d8       1%          1
b - Vampiric Draining     Necr           23%        2d7       4%          3
c - Animate Dead          Necr           23%        N/A       16%         4

Your spell library contained the following spells:

 Spells                   Type           Power      Damage    Failure   Level
 Slow                     Hex            12%        N/A       16%         1
 Confusing Touch          Hex            3%         N/A       43%         3
 Agony                    Necr           23%        N/A       41%         5


Dungeon Overview and Level Annotations

Branches:
Dungeon (4/15)              Sewer (visited)
 Temple: D:4-7

Altars:
Kikubaaqudgha

Annotations:
D:4 RapScallion's ghost, amateur HOFi


Innate Abilities, Weirdness & Mutations

You have a pair of small antennae on your head.
You are partially covered in rugged brown scales. (AC +1, +3% HP)
You regenerate magic rapidly.


Message History

Confirm with . or Enter, or press ? or * to list all spells.
Aiming: Necrotise (safe; 1% risk of failure)
Press: ? - help, Shift-Dir - straight line, f/p - adder
Aim: an adder (lightly wounded, ally target, chance to affect: 87%)
The adder writhes in agony!
The adder barely misses you.
Casting: Necrotise (safe; 1% risk of failure)
Confirm with . or Enter, or press ? or * to list all spells.
Aiming: Necrotise (safe; 1% risk of failure)
Press: ? - help, Shift-Dir - straight line, f/p - adder
Aim: an adder (almost dead, ally target, chance to affect: 87%)
The adder writhes in agony!
You kill the adder!
Kikubaaqudgha accepts your kill.
You swap places.
Your adder skeleton barely misses RapScallion's ghost.
RapScallion's ghost hits your adder skeleton!
Your adder skeleton is destroyed!
Your adder skeleton closely misses RapScallion's ghost.
RapScallion's ghost hits you!
You hit RapScallion's ghost.
Your weapon exudes an aura of protection.
RapScallion's ghost is lightly damaged.
Your adder skeleton bites RapScallion's ghost but does no damage.
RapScallion's ghost completely misses you.
You barely miss RapScallion's ghost.
RapScallion's ghost is lightly damaged.
Your adder skeleton barely misses RapScallion's ghost.
RapScallion's ghost hits you!
* * * LOW HITPOINT WARNING * * *
Your adder skeleton closely misses RapScallion's ghost.
RapScallion's ghost hits you!
* * * LOW HITPOINT WARNING * * *
Your adder skeleton bites RapScallion's ghost but does no damage.
RapScallion's ghost attacks as you move away!
RapScallion's ghost closely misses you.
RapScallion's ghost mumbles, "They all look like pillowcases to me..."
RapScallion's ghost attacks as you move away!
RapScallion's ghost hits you!
You die...
Kikubaaqudgha rasps: "You have failed me!
Welcome... death!"

##.._..##..###.......## ##......
#.......#.###.........####.......
#########...'.........'..........
..))..)...###....(....####...##.#
..#####...# ##.......## #......#
#.# #.#.# ##.....######.#.####
#.# ###.#.# ##......(..#.#.#
#.###...#.# #..#####.#########
#.........# #@.# #W'~~~~)~#.
#####>##########W.#####.#########
#.##.............##..#.#
#.##.#######..Z#.###.#.# #.##.#
#..........#.# #.##.#
##...#.#####.# #.##.#
##.##.#####.# #....# #.##.......#
###### #.##########


You could see RapScallion's ghost (ally target) and a friendly adder skeleton.

Vanquished Creatures
  An ogre (D:4)
  2 bullfrogs (Sewer)
  A jelly (D:4)
  4 gnolls (D:2)
  A river rat (Sewer)
  5 adders
  An ufetubus (D:4)
  An adder zombie (Sewer)
  2 dart slugs
  6 orcs (D:4)
  4 bats
  8 endoplasms
  2 giant cockroaches
  2 goblins
  3 hobgoblins
  2 quokkas
  19 ball pythons
  A ball python zombie (Sewer)
  A frilled lizard (Sewer)
  4 kobolds
  21 rats
91 creatures vanquished.

Vanquished Creatures (collateral kills)
  An adder (Sewer)
  A worm (D:3)
  An endoplasm (D:2)
  A ball python (Sewer)
  A frilled lizard (Sewer)
  7 rats
12 creatures vanquished.

Vanquished Creatures (others)
  A ball python zombie (Sewer)
1 creature vanquished.

Grand Total: 104 creatures vanquished

Notes
Turn   | Place    | Note
-------+----------+-------------------------------------------
     0 | D:1      | mathmaestro the Demonspawn Necromancer began the quest for
                  | the Orb.
     0 | D:1      | Reached XP level 1. HP: 13/13 MP: 3/3
   382 | D:1      | Gained mutation: You are partially covered in rugged brown
                  | scales. (AC +1, +3% HP) [demonic ancestry]
   382 | D:1      | Reached XP level 2. HP: 14/20 MP: 3/5
  1537 | D:2      | Reached XP level 3. HP: 25/25 MP: 3/6
  1574 | D:2      | Reached skill level 1 in Fighting
  2067 | D:2      | Gained mutation: You have a pair of small antennae on your
                  | head. [demonic ancestry]
  2067 | D:2      | Reached XP level 4. HP: 32/32 MP: 3/7
  2120 | D:2      | Learned a level 3 spell: Vampiric Draining
  2125 | D:2      | Learned a level 4 spell: Animate Dead
  2178 | D:3      | Found a glowing drain.
  2233 | Sewer    | Entered a sewer
  2557 | Sewer    | Reached skill level 5 in Necromancy
  2557 | Sewer    | Reached XP level 5. HP: 12/39 MP: 0/9
  2778 | Sewer    | Gained mutation: You regenerate magic rapidly. [demonic
                  | ancestry]
  2778 | Sewer    | Reached XP level 6. HP: 30/46 MP: 10/10
  2995 | D:3      | Found a faded altar of an unknown god.
  3893 | D:4      | Found a runed translucent door.
  4266 | D:4      | Found an ancient bone altar of Kikubaaqudgha.
  4273 | D:4      | Became a worshipper of Kikubaaqudgha
  4697 | D:4      | Noticed RapScallion's ghost (amateur HOFi)
  4725 | D:4      | Mangled by RapScallion's ghost

Illustrated notes

Levels and vault maps discovered:
D:1:      shiori_shiawase, layout_loops_ring, st_stairs_7
D:2:      layout_basic, minmay_large_rounded_square
D:3:      layout_basic, portal_sewer_entry_a, hellmonk_ecumenical_altar_blasted
D:4:      layout_loops_corners, kiku_gazebo_garden_becter, ebering_ghost_sewer_d

Skill      XL: |  1  2  3  4  5 |
---------------+----------------+-----
Dodging        | 2 3 |  3.3
Stealth        | 2 3 |  3.5
Fighting       | 1 2 |  2.8
Necromancy     | 5 |  5.5
Spellcasting   | 3 |  3.4

Action                   |  1- 3 |  4- 6 || total
-------------------------+-------+-------++-------
Melee: Whip              |     5 |       ||     5
       Flail             |       |    60 ||    60
       Punch             |       |     1 ||     1
 Cast: Necrotise         |    56 |    56 ||   112
       Animate Dead      |       |     1 ||     1
       Vampiric Draining |       |     3 ||     3
  Use: Scroll            |       |     6 ||     6
 Stab: Sleeping          |       |     3 ||     3
Armor: Robe              |     1 |    38 ||    39
Dodge: Dodged            |     8 |   107 ||   115
